Map: Emerald City LE

Players

JSlippery

  • Race: Protoss Protoss
  • Spawn Location: 11:00

lennon

  • Race: Terran Terran
  • Spawn Location: 11:00

Faust - Winner!

  • Race: Zerg Zerg
  • League: Platinum
  • Spawn Location: 5:00

Throwfordays - Winner!

  • Race: Protoss Protoss
  • League: Bronze
  • Spawn Location: 5:00

VOD

Have the link to the VOD?

Description

Time

  • Played on: Jan. 24, 2019, 3:06 p.m.
  • Length: 20:39
Show
View Real Time Build Order
Export as new Build Order

JSlippery Protoss 

Build Orders: Cannon Rush, Carriers 

Get SALT Encoding   

  12  0:01  Probe  
  13  0:21  Pylon  
  13  0:22  Probe  
  14  0:34  Probe  
  15  0:41  Forge  
  15  0:45  Probe  
  16  0:53  Probe  
  17  1:01  Probe  
  17  1:07  Pylon  
  18  1:13  Probe  
  19  1:25  Probe  
  19  1:45  Photon Cannon x2  
  19  1:47  Photon Cannon  
  19  1:49  Gateway  
  19  2:07  Probe  
  19  2:19  Probe  
  20  2:23  Pylon  
  20  2:29  Gateway  
  20  2:30  Probe  
  20  2:33  Assimilator  
  20  2:35  Assimilator  
  21  2:38  Probe  
  22  2:46  Probe  
  23  2:51  Gateway  
  23  2:57  Probe  
  24  3:09  Pylon  
  24  3:19  Cybernetics Core  
  24  3:25  Probe  
  25  3:53  Warp Gate  
  25  3:59  Stargate  
  25  4:10  Nexus  
  25  4:18  Probe  
  26  4:27  Stargate  
  26  4:36  Void Ray  
  26  4:38  Pylon  
  26  4:45  Nexus  
  26  4:50  Assimilator  
  30  4:57  Assimilator  
  30  5:00  Void Ray  
  34  5:19  Void Ray  
  38  5:44  Assimilator  
  38  5:46  Assimilator  
  38  5:47  Void Ray  
  38  5:50  Protoss Shields Level 1  
  38  5:54  Probe  
  38  5:55  Void Ray, Probe  
  48  6:22  Pylon  
  48  6:23  Void Ray  
  52  6:42  Photon Cannon  
  54  7:21  Fleet Beacon  
  50  7:23  Probe x2  
  52  7:31  Probe  
  53  7:41  Probe  
  54  7:53  Probe  
  51  8:27  Carrier  
  51  8:28  Carrier  
  51  8:29  Protoss Air Weapons Level 1  
  63  8:43  Probe x3  
  58  9:10  Mothership  
  66  9:19  Carrier  
  66  9:26  Carrier  
  78  9:51  Twilight Council  
  78  10:03  Protoss Shields Level 2  
  78  10:22  Probe x2  
  78  10:23  Stargate  
  78  10:25  Stargate  
  78  10:28  Pylon  
  80  10:34  Probe x2  
  82  10:38  Carrier  
  82  10:46  Probe  
  82  10:48  Photon Cannon  
  82  10:49  Photon Cannon x2  
  89  10:51  Photon Cannon  
  89  11:01  Photon Cannon  
  89  11:06  Pylon  
  89  11:30  Pylon  
  89  11:32  Pylon  
  89  11:42  Carrier  
  89  11:43  Carrier  
  89  11:50  Pylon, Carrier  
  102  12:21  Probe x3  
  105  12:33  Probe x3  
  108  12:41  Pylon, Protoss Shields Level 3  
  108  12:43  Pylon  
  108  12:55  Carrier  
  114  13:35  Carrier  
  114  13:36  Pylon  
  114  13:40  Dark Shrine  
  114  13:41  Probe x3  
  106  14:21  Carrier  
  117  14:31  Carrier  
  117  14:55  Probe x2  
  117  14:56  Probe  
  120  15:07  Probe  
  120  15:09  Probe  
  122  15:17  Probe  
  121  15:27  Probe  
  103  15:53  Carrier  
  85  16:28  Dark Templar x2  
  78  16:46  Pylon  
  74  17:00  Probe  
  75  17:12  Probe  
  76  17:24  Probe  
  65  17:39  Gateway  
  47  17:45  Templar Archives  
  35  17:51  Pylon  
  35  18:16  Dark Templar x2  
  35  18:18  Pylon  
  39  18:39  Dark Templar  
  41  18:50  Nexus  
  41  19:04  Dark Templar x2  
  43  19:45  High Templar x3  
  34  19:55  Archon  
  20  20:20  High Templar x3  
  20  20:27  Archon  
Show
View Real Time Build Order
Export as new Build Order

lennon Terran 

Build Orders:  

Get SALT Encoding   

  12  0:01  SCV  
  13  0:13  SCV  
  14  0:23  Supply Depot  
  14  0:25  SCV  
  15  0:45  SCV  
  15  0:48  Barracks  
  16  0:57  SCV  
  17  0:58  Refinery  
  17  1:09  SCV  
  17  1:10  Refinery  
  18  1:21  SCV  
  19  1:33  SCV  
  20  1:45  Barracks Reactor, SCV  
  20  1:46  Supply Depot  
  21  1:57  SCV  
  22  2:09  SCV  
  23  2:21  Reaper, SCV  
  23  2:22  Reaper  
  26  2:25  Factory  
  26  2:27  Supply Depot  
  26  2:33  SCV  
  27  2:53  Reaper  
  27  2:54  Reaper, Orbital Command  
  29  3:01  Command Center  
  29  3:10  Factory Tech Lab  
  29  3:16  Supply Depot  
  29  3:19  Engineering Bay  
  28  3:56  Reaper x2  
  28  3:58  Siege Tank  
  33  4:30  Siege Tank  
  31  5:43  Starport  
  31  5:47  Missile Turret  
  31  5:57  Orbital Command  
  31  5:58  Missile Turret  
  31  6:02  Missile Turret  
  31  6:20  Missile Turret  
  31  6:21  Starport  
  31  6:24  Starport Reactor, Missile Turret  
  31  6:25  Missile Turret  
  31  6:30  Starport x2  
  31  6:52  Armory  
  31  6:56  Armory  
  31  6:59  Starport  
  28  7:09  Starport Reactor x2  
  28  7:10  Starport Reactor  
  28  7:28  Starport Tech Lab x3  
  28  7:29  Refinery  
  28  7:47  Viking x2, Missile Turret  
  28  7:49  Cloaking Field  
  32  7:52  Hyperflight Rotors  
  32  7:55  Refinery  
  32  8:08  Command Center  
  32  8:09  Missile Turret  
  32  8:11  Refinery  
  32  8:20  Banshee x2  
  38  8:31  SCV  
  39  8:37  Refinery, Supply Depot  
  39  8:38  Terran Ship Weapons Level 1  
  39  8:39  Terran Vehicle And Ship Armor Level 1  
  39  8:43  SCV  
  40  8:54  Banshee  
  44  8:55  SCV  
  44  9:00  Supply Depot  
  44  9:03  Banshee  
  44  9:07  SCV  
  48  9:16  Banshee  
  51  9:19  SCV  
  51  9:22  SCV  
  51  9:23  Supply Depot  
  53  9:34  SCV  
  54  9:46  SCV  
  54  9:48  SCV  
  54  9:50  Banshee  
  54  9:51  Banshee  
  62  9:53  Viking x2  
  62  9:59  SCV  
  67  10:00  SCV  
  68  10:11  SCV  
  68  10:12  SCV  
  70  10:22  Banshee  
  70  10:23  SCV  
  70  10:24  SCV, Missile Turret  
  75  10:33  Banshee  
  75  10:34  Banshee  
  75  10:35  SCV  
  82  10:36  SCV  
  83  10:46  Missile Turret  
  83  10:47  SCV  
  83  10:48  SCV  
  85  10:59  SCV  
  85  11:00  SCV  
  87  11:04  Banshee  
  87  11:07  Missile Turret  
  90  11:16  Banshee x2  
  96  11:19  Terran Ship Weapons Level 2  
  96  11:20  Terran Vehicle And Ship Armor Level 2  
  96  11:32  Missile Turret  
  93  11:47  Banshee  
  96  11:59  Banshee x2  
  93  12:26  Viking x2  
  97  12:30  Banshee  
  100  12:42  Banshee x2  
  106  13:09  Supply Depot  
  106  13:11  Supply Depot  
  106  13:12  Supply Depot  
  106  13:13  Banshee, SCV  
  106  13:17  SCV  
  111  13:24  Banshee  
  111  13:25  Banshee  
  117  13:31  SCV x2  
  117  13:33  Supply Depot  
  119  13:36  Missile Turret x2  
  119  13:43  SCV  
  120  13:55  SCV  
  121  13:56  Banshee  
  121  13:58  Missile Turret  
  124  14:07  SCV  
  101  15:08  Starport  
  101  15:09  Starport  
  101  15:10  Starport  
  101  15:11  Starport  
  95  15:15  Starport  
  95  15:19  Command Center  
  90  16:07  Starport Tech Lab x2  
  90  16:08  Starport Tech Lab x3  
  36  17:26  Viking x3  
  36  17:27  Viking x2  
  46  17:35  Terran Ship Weapons Level 3  
  46  17:36  Terran Vehicle And Ship Armor Level 3  
  46  17:37  Widow Mine  
  48  17:53  Viking x2  
  48  17:56  Viking x3, Command Center  
  48  17:57  Viking x2  
  62  17:59  Widow Mine  
  63  18:20  Widow Mine  
  63  18:23  Viking x2  
  63  18:26  Viking x4  
  156  18:27  Viking  
  77  18:42  Widow Mine  
  79  18:53  Viking  
  81  18:56  Viking, Command Center  
  86  19:03  Widow Mine  
Show
View Real Time Build Order
Export as new Build Order

Faust Zerg - Winner!

Build Orders: Hatch First 

Get SALT Encoding   

  12  0:00  Drone  
  13  0:08  Drone  
  14  0:17  Extractor  
  14  0:18  Drone  
  15  0:22  Overlord  
  15  0:41  Drone x2  
  17  0:52  Hatchery  
  16  0:58  Drone  
  16  1:02  Drone  
  18  1:35  Spawning Pool  
  17  2:21  Drone  
  17  2:22  Drone x4  
  22  2:23  Queen x2  
  26  2:30  Overlord  
  26  2:44  Hatchery, Drone  
  26  2:45  Drone x2  
  26  2:49  Overlord  
  28  2:59  Queen, Extractor, Drone  
  28  3:00  Drone  
  31  3:06  Drone  
  32  3:16  Queen  
  34  3:39  Drone x5  
  39  3:47  Drone x3  
  42  4:01  Extractor  
  41  4:04  Extractor  
  40  4:11  Drone  
  40  4:12  Drone x4  
  40  4:13  Drone  
  40  4:15  Lair  
  46  4:18  Drone x3  
  46  4:21  Extractor  
  48  4:26  Queen  
  48  4:29  Overlord x2  
  49  4:44  Drone  
  48  4:46  Drone  
  49  4:57  Zergling x2  
  49  4:58  Zergling x18  
  59  5:11  Drone  
  59  5:12  Drone x2  
  62  5:16  Evolution Chamber  
  62  5:17  Evolution Chamber  
  60  5:22  Infestation Pit  
  60  5:24  Metabolic Boost  
  60  5:26  Drone x3  
  62  5:32  Drone x2  
  62  5:33  Drone  
  65  5:47  Drone  
  65  5:48  Overlord x2  
  65  5:49  Overlord x2  
  66  5:53  Zerg Melee Weapons Level 1, Zerg Ground Armor Level 1  
  66  6:07  Overlord x2  
  66  6:08  Drone  
  66  6:09  Drone x7  
  74  6:12  Extractor x2  
  74  6:14  Overlord  
  74  6:15  Overlord  
  72  6:21  Hive  
  72  6:23  Hatchery  
  71  6:37  Drone  
  71  6:38  Drone x3  
  71  6:39  Drone x2  
  71  7:02  Queen  
  71  7:03  Queen  
  71  7:08  Hydralisk Den  
  71  7:11  Spire  
  70  7:15  Spore Crawler, Drone x2  
  70  7:16  Spore Crawler x2  
  70  7:19  Drone x3  
  70  7:20  Drone  
  70  7:22  Drone x3  
  75  7:23  Drone x5  
  75  7:29  Spore Crawler  
  80  7:30  Drone x2  
  80  7:31  Spore Crawler  
  80  7:35  Queen  
  82  7:38  Ultralisk Cavern  
  82  7:41  Adrenal Glands  
  81  8:04  Overlord x4  
  81  8:09  Hydralisk  
  81  8:10  Hydralisk x6  
  93  8:34  Drone x8  
  94  8:35  Queen  
  103  8:41  Zerg Melee Weapons Level 2  
  103  8:42  Zerg Ground Armor Level 2  
  103  8:43  Chitinous Plating  
  103  8:47  Hydralisk x2  
  107  8:54  Hydralisk x5  
  117  8:57  Spore Crawler  
  116  9:04  Drone x2  
  118  9:31  Drone x5  
  121  9:33  Extractor, Drone x3  
  121  9:34  Extractor, Drone x3  
  127  9:42  Overlord x3  
  127  9:43  Overlord x3  
  124  10:12  Drone x3  
  127  10:14  Drone  
  127  10:19  Zerg Flyer Weapons Level 1  
  128  10:30  Ultralisk x8  
  128  10:32  Overlord x3  
  128  10:33  Hatchery, Overlord x2  
  175  10:55  Ultralisk x2  
  175  10:56  Ultralisk x2  
  199  11:07  Zerg Ground Armor Level 3, Zerg Melee Weapons Level 3  
  199  11:10  Muscular Augments  
  196  12:11  Overseer  
  196  12:12  Corruptor  
  196  12:13  Corruptor  
  200  12:22  Grooved Spines  
  200  12:25  Spore Crawler  
  200  12:27  Spore Crawler  
  199  12:30  Zergling x4  
  199  12:31  Spore Crawler, Zergling x2  
  200  12:59  Extractor x2  
  200  13:02  Extractor x2  
  196  13:33  Corruptor x2  
  200  14:09  Zergling x2  
  185  14:10  Zergling x34  
  185  14:11  Zergling x2  
  195  14:21  Queen  
  195  14:22  Spore Crawler x2  
  195  14:23  Overseer x2  
  181  14:43  Corruptor x12  
  187  14:57  Corruptor x6  
  187  15:02  Overseer x2  
  187  15:03  Overseer  
  175  15:29  Overlord x3  
  150  15:50  Corruptor x7  
  150  15:51  Corruptor x10  
  178  16:00  Corruptor  
  178  16:01  Corruptor x8  
  183  16:12  Zerg Missile Weapons Level 1  
  181  16:30  Corruptor x5  
  163  16:51  Overseer x2  
  157  16:57  Mutalisk x2  
  157  16:58  Mutalisk x2  
  144  17:18  Zergling x18  
  132  17:55  Zergling x4  
  132  17:56  Zergling x14  
  141  18:12  Hatchery  
  140  18:30  Pneumatized Carapace  
  140  18:39  Zergling x12  
  140  18:40  Zergling x10  
  152  18:48  Drone  
  134  19:12  Queen  
  102  19:42  Zergling x22  
  102  19:43  Zergling x14  
  118  19:54  Zergling x2  
  118  19:55  Zergling x4  
  118  19:59  Zergling x2  
  122  20:00  Zergling x2  
Show
View Real Time Build Order
Export as new Build Order

Throwfordays Protoss - Winner!

Build Orders:  

Get SALT Encoding   

  12  0:00  Probe  
  13  0:13  Probe  
  14  0:19  Pylon  
  14  0:25  Probe  
  15  0:37  Gateway  
  15  0:40  Probe  
  16  0:50  Assimilator  
  16  0:52  Probe  
  17  1:16  Probe  
  18  1:26  Zealot  
  18  1:28  Probe  
  18  1:31  Cybernetics Core  
  21  1:40  Probe  
  22  2:15  Zealot  
  21  2:25  Probe  
  22  2:31  Warp Gate  
  22  2:54  Probe  
  23  3:09  Nexus  
  23  3:13  Pylon  
  23  3:15  Pylon  
  23  3:22  Adept  
  23  3:31  Probe  
  26  3:50  Assimilator  
  26  4:00  Assimilator  
  26  4:04  Probe  
  26  4:07  Adept  
  29  4:16  Probe  
  28  4:28  Probe  
  27  4:37  Adept  
  29  4:42  Probe  
  30  4:54  Probe  
  31  5:02  Probe  
  32  5:13  Probe  
  32  5:14  Probe  
  34  5:21  Adept  
  34  5:25  Probe  
  34  5:26  Probe  
  38  5:29  Gateway  
  38  5:32  Gateway  
  38  5:35  Gateway  
  38  5:36  Gateway  
  38  5:38  Probe  
  39  5:50  Probe  
  40  5:58  Probe  
  40  6:02  Probe  
  42  6:04  Twilight Council  
  42  6:08  Pylon  
  42  6:10  Pylon, Probe  
  43  6:14  Probe  
  44  6:22  Probe  
  44  6:25  Forge  
  45  6:26  Probe  
  45  6:31  Resonating Glaives  
  46  6:34  Probe  
  46  6:37  Protoss Ground Weapons Level 1  
  46  6:38  Probe  
  48  6:45  Pylon  
  48  6:46  Probe  
  49  6:49  Adept x4  
  49  6:50  Probe  
  58  6:58  Probe  
  59  7:08  Stalker  
  61  7:10  Stalker  
  61  7:11  Stalker  
  61  7:12  Stalker  
  67  7:16  Stalker  
  69  7:25  Photon Cannon  
  69  7:28  Photon Cannon  
  69  7:34  Photon Cannon  
  69  7:45  Stalker x2  
  69  7:47  Stalker  
  75  7:55  Pylon  
  75  8:01  Blink  
  75  8:28  Stalker x3  
  75  8:29  Stalker x2  
  85  8:44  Protoss Ground Weapons Level 2  
  85  9:18  Photon Cannon  
  85  9:20  Photon Cannon  
  85  9:23  Photon Cannon  
  85  9:28  Photon Cannon  
  85  9:34  Pylon  
  85  9:37  Pylon  
  85  9:56  Nexus  
  85  10:05  Pylon  
  85  10:31  Stalker x4  
  85  10:32  Stalker  
  95  10:39  Charge  
  95  11:03  Stalker x2  
  95  11:04  Stalker x3  
  101  11:07  Probe  
  106  11:16  Pylon  
  106  11:17  Pylon  
  106  11:18  Pylon  
  106  11:19  Pylon, Probe  
  107  11:26  Probe  
  107  11:31  Probe  
  109  11:38  Probe  
  110  11:40  Pylon  
  110  11:47  Stalker x5  
  94  12:33  Protoss Ground Weapons Level 3  
  94  12:50  Stalker x5  
  104  13:19  Probe  
  105  13:20  Pylon  
  105  13:31  Probe  
  106  13:40  Stalker x4  
  106  13:41  Stalker  
  116  14:01  Templar Archives  
  76  14:20  Protoss Air Weapons Level 1  
  76  14:23  Stalker x2  
  76  14:24  Stalker x3  
  56  14:35  Assimilator  
  56  14:38  Assimilator  
  56  14:43  Psionic Storm  
  56  14:48  Stargate  
  56  14:51  Stargate  
  56  14:55  Assimilator  
  56  14:59  Stargate  
  48  15:18  Zealot x2  
  48  15:19  Zealot x3  
  56  15:28  Void Ray x2  
  53  15:52  Void Ray  
  37  16:26  Robotics Facility  
  35  17:15  Observer  
  36  17:27  Void Ray  
  40  17:33  Observer  
  41  18:00  Nexus  
  41  18:16  Pylon  
  41  18:20  Assimilator  
  41  18:23  Nexus  
  35  18:30  Void Ray  
  35  18:40  Nexus  
  35  18:42  Assimilator  
  35  18:44  Assimilator, Probe  
  36  18:50  Assimilator  
  36  18:56  Assimilator, Probe  
  36  18:59  Pylon  
  37  19:08  Probe  
  38  19:20  Probe  
  39  19:28  Probe  
  40  19:32  Probe  
  41  19:40  Probe  
  43  19:52  Probe  
  43  19:57  Probe  
  44  20:02  Probe  
  44  20:05  Probe  
  46  20:09  Probe  
  48  20:14  Probe  
  48  20:17  Cybernetics Core, Probe  
  48  20:21  Probe  
  50  20:26  Probe  
Tags
 
Add a new tag
Caveats
  • Supply blocks, unpowered buildings, or Contaminate may cause inaccurate times.
  • Supply counts are checked every 10 seconds.